 Dungeon Crawl Stone Soup version 0.27.0 (webtiles) character file.

Game seed: 1349797977554020521

1134 shadowrider38 the Cleaver (level 8, -1/99 HPs)
             Began as a Minotaur Berserker on July 31, 2021.
             Was an Elder of Trog.
             Killed from afar by a gargoyle (22 damage)
             ... with a stone arrow
             ... on level 5 of the Dungeon.
             The game lasted 00:14:26 (4870 turns).

shadowrider38 the Cleaver (Minotaur Berserker)      Turns: 4870, Time: 00:14:26

Health: -1/99      AC:  7    Str: 24    XL:     8   Next: 14%
Magic:  7/7        EV: 10    Int:  4    God:    Trog [****..]
Gold:   156        SH:  0    Dex: 10    Spells: 7/7 levels left

rFire    . . .     SeeInvis .   a - +0 war axe
rCold    . . .     Faith    .   (no shield)
rNeg     . . .     Spirit   .   b - +0 scale mail
rPois    .         Reflect  .   (helmet restricted)
rElec    .         Harm     .   v - +0 cloak
rCorr    .         Rampage  .   (no gloves)
Will     .....                  (no boots)
Stlth    ..........             (no amulet)
HPRegen  0.26/turn              (no ring)
MPRegen  0.10/turn              (no ring)

@: berserking, very quick
A: horns 2, retaliatory headbutt
a: Renounce Religion, Berserk, Trog's Hand, Brothers in Arms


You were on level 5 of the Dungeon.
You worshipped Trog.
Trog was greatly pleased with you.
You visited 1 branch of the dungeon, and saw 5 of its levels.

You collected 156 gold pieces.

Inventory:

Hand Weapons
 a - a +0 war axe (weapon)
Armour
 b - a +0 scale mail (worn)
 k - a +2 robe of fire resistance
 p - a +1 leather armour of poison resistance
 v - a +0 cloak (worn)
 w - the +0 robe "Hujavuh" {rPois Str+2 Int+2}
   (You found it on level 5 of the Dungeon)

   Str:       It affects your strength (+2).
   Int:       It affects your intelligence (+2).
   rPois:     It protects you from poison.
Wands
 r - a wand of polymorph (9)
Scrolls
 c - a scroll of brand weapon {unknown}
 d - 4 scrolls of blinking
 e - a scroll of amnesia {unknown}
 j - 2 scrolls of fog {unknown}
 l - 3 scrolls of teleportation {unknown}
 m - a scroll of magic mapping
 n - a scroll of summoning
Potions
 f - a potion of haste {unknown}
 g - a potion of lignification {unknown}
 h - 2 potions of degeneration {unknown}
 i - a potion of flight {unknown}
 o - a potion of mutation {unknown}
 q - a potion of heal wounds
 s - a potion of curing {unknown}
 t - a potion of ambrosia {unknown}
 u - a potion of attraction {unknown}


   Skills:
 - Level 3.7 Fighting
 + Level 11.7 Axes
 - Level 2.4 Armour
 - Level 2.2 Dodging


You had 7 spell levels left.
You didn't know any spells.
Your spell library was empty.

Dungeon Overview and Level Annotations

Branches:
Dungeon (5/15)             Temple (0/1) D:4

Altars:
Gozag
Makhleb

Annotations:
D:4 1 runed translucent door, Crazy Yiuf


Innate Abilities, Weirdness & Mutations

You have a pair of horns on your head.
You reflexively headbutt those who attack you in melee.


Message History

You kill the jackal!
Trog accepts your kill.
You closely miss the jackal.
The jackal bites you but does no damage.
The jackal barely misses you. You furiously retaliate!
You headbutt the jackal. You closely miss the jackal.
Your headbutt misses the jackal.
The jackal is almost dead.
The jackal barely misses you. You furiously retaliate!
You headbutt the jackal!
You kill the jackal!
Trog accepts your kill.
You barely miss the jackal. The jackal barely misses you.
You hit the jackal. Your headbutt misses the jackal.
The jackal is heavily wounded.
The jackal bites you but does no damage.
You slash the jackal!
You kill the jackal!
Trog accepts your kill.
The gargoyle hits you with a +2 mace of protection!
You see here a jackal corpse.
You hit the gargoyle but do no damage.
You headbutt the gargoyle, but do no damage.
The gargoyle hits you with a +2 mace of protection!
You hit the gargoyle but do no damage.
The gargoyle hurls a stone arrow at you.
The stone arrow misses you.
You barely miss the gargoyle.
The gargoyle hurls a stone arrow at you.
The stone arrow misses you.
You hit the gargoyle but do no damage.
The gargoyle hits you with a +2 mace of protection!
You are too injured to fight recklessly!
A red film seems to cover your vision as you go berserk!
You feel yourself moving faster!
You feel mighty!
The gargoyle hits you with a +2 mace of protection!
* * * LOW HITPOINT WARNING * * *
You slash the gargoyle!
The gargoyle is moderately damaged.
The gargoyle hurls a stone arrow at you.
The stone arrow hits you!!
You die...

.#..................
#..#....#...........#.
#......###.#..........
#...................#.
#......###..###.......
###......# #..........#.
.........# #............
#...9..# #..###.##..#.
##....@†###......##..#.
.......†.#....######..#.
.....#.....#..........#.
.... ###.#.##.######....
... ........# #.##. ..
#.......... ..... .
##.#.####.## ## #.#.# .#
#.#.# .#


You could see a gargoyle.

Vanquished Creatures
  Grinder (D:3)
  Eustachio (D:4)
  A necrophage (D:5)
  A centaur (D:4)
  A water moccasin skeleton (D:4)
  A hound (D:4)
  2 orc priests
  A bullfrog skeleton (D:4)
  Jessica (D:2)
  Ijyb (D:4)
  4 iguanas
  5 orc wizards
  7 adders
  An adder skeleton (D:4)
  5 worms
  5 dart slugs
  14 orcs
  5 endoplasms
  2 giant cockroaches (D:3)
  10 goblins
  8 hobgoblins
  8 jackals
  2 quokkas
  2 ball pythons (D:2)
  6 bats
  5 frilled lizards
  6 kobolds
  9 rats
115 creatures vanquished.

Notes
Turn   | Place    | Note
-------+----------+-------------------------------------------
     0 | D:1      | shadowrider38 the Minotaur Berserker began the quest for
                  | the Orb.
     0 | D:1      | Reached XP level 1. HP: 19/19 MP: 0/0
     2 | D:1      | Noticed a draconian
     4 | D:1      | Noticed a demonspawn
     6 | D:1      | Noticed a demigod
     6 | D:1      | Noticed a vampire
     8 | D:1      | Noticed a ghoul
     8 | D:1      | Noticed a merfolk
    10 | D:1      | Noticed a dwarf
    10 | D:1      | Noticed a barachi
    12 | D:1      | Noticed a felid
    12 | D:1      | Noticed an elf
    14 | D:1      | Noticed a vine stalker
    14 | D:1      | Noticed a gargoyle
    16 | D:1      | Noticed an octopode
    16 | D:1      | Noticed a spriggan
    18 | D:1      | Noticed a naga
    18 | D:1      | Noticed a minotaur
    20 | D:1      | Noticed a troll
    20 | D:1      | Noticed a tengu
    22 | D:1      | Noticed a human
    24 | D:1      | Noticed a formicid
    24 | D:1      | Noticed an ogre
    26 | D:1      | Noticed a palentonga
    26 | D:1      | Noticed a djinni
    46 | D:1      | Reached skill level 4 in Axes
   272 | D:1      | Reached XP level 2. HP: 25/27 MP: 1/1
   476 | D:1      | Reached ** piety under Trog
   753 | D:1      | Reached XP level 3. HP: 33/33 MP: 2/2
   765 | D:1      | Found a faded altar of an unknown god.
   862 | D:1      | Reached skill level 5 in Axes
  1299 | D:2      | Reached XP level 4. HP: 20/40 MP: 3/3
  1550 | D:2      | Found an opulent altar of Gozag.
  1593 | D:2      | Noticed Jessica
  1608 | D:2      | Killed Jessica
  1609 | D:2      | Reached skill level 6 in Axes
  1979 | D:3      | HP: 2/40 [orc (2)]
  1987 | D:3      | Reached XP level 5. HP: 43/46 MP: 4/4
  2000 | D:3      | Reached skill level 7 in Axes
  2177 | D:3      | Noticed Grinder
  2190 | D:3      | Reached *** piety under Trog
  2205 | D:3      | Paralysed by Grinder for 3 turns
  2222 | D:3      | Paralysed by Grinder for 5 turns
  2224 | D:3      | HP: 1/46 [Grinder/nerve-wracking pain (10)]
  2227 | D:3      | Killed Grinder
  2228 | D:3      | Reached skill level 9 in Axes
  2228 | D:3      | Reached XP level 6. HP: 1/52 MP: 5/5
  3184 | D:3      | Found a burning altar of Makhleb.
  3186 | D:3      | Noticed a cacodemon
  3310 | D:4      | Found a staircase to the Ecumenical Temple.
  3353 | D:4      | Reached XP level 7. HP: 34/58 MP: 6/6
  3647 | D:4      | Found a runed translucent door.
  3648 | D:4      | Noticed Crazy Yiuf
  3762 | D:4      | Noticed Ijyb
  3772 | D:4      | Killed Ijyb
  3854 | D:4      | Reached skill level 10 in Axes
  3942 | D:4      | Noticed Eustachio
  3946 | D:4      | Reached **** piety under Trog
  3952 | D:4      | Killed Eustachio
  4138 | D:4      | Reached skill level 11 in Axes
  4543 | D:5      | Entered Level 5 of the Dungeon
  4572 | D:5      | Reached XP level 8. HP: 30/66 MP: 7/7
  4800 | D:5      | Identified the +0 robe "Hujavuh" {rPois Str+2 Int+2}
  4857 | D:5      | Noticed a gargoyle
  4870 | D:5      | Killed from afar by a gargoyle

Illustrated notes

Levels and vault maps discovered:
D:1:      kb_arrival_jail, layout_basic, shapermc_ecumenical_altar_petra,
          hangedman_decor_clover_reticule, chequers_serial_rivers_marsh
D:2:      layout_rooms, basic_altar, uniq_jessica
D:3:      layout_rooms, makhleb_altar_promises_db, uniq_grinder
D:4:      layout_cave_pools, minmay_temple_entry_statues_fountains,
          minivault_14, uniq_eustachio, uniq_crazy_yiuf_cottage, uniq_ijyb
D:5:      layout_basic, minmay_ogre_servants

Skill      XL: |  1  2  3  4  5  6  7 |
---------------+----------------------+-----
Axes           | 4 5 6 9 11 | 11.7
Fighting       | |  3.7
Armour         | |  2.4
Dodging        | |  2.2

Action                   |  1- 3 |  4- 6 |  7- 9 || total
-------------------------+-------+-------+-------++-------
Melee: Hand axe          |    82 |    87 |       ||   169
       Headbutt          |    12 |    24 |    12 ||    48
       War axe           |       |    17 |    71 ||    88
Invok: Berserk           |       |     2 |     4 ||     6
  Use: Potion            |       |     1 |       ||     1
       Scroll            |       |     2 |       ||     2
Armor: Animal skin       |    14 |       |       ||    14
       Ring mail         |     2 |       |       ||     2
       Scale mail        |    17 |    37 |    21 ||    75
Dodge: Dodged            |    56 |    48 |    27 ||   131
